Construct Weapon Support Center
Selects Airborne Battlegroup
M3 Armored Personnel Carrier
M3 Armored Personnel Carrier
Selects Paratrooper Squad Paradrop
Paratrooper Squad Paradrop
Construct Medical Station
Selects Anti-tank Gun Team Paradrop
Anti-tank Gun Team Paradrop
Anti-tank Gun Team Paradrop
Selects Paradrop Reinforcements
M4(105) Sherman Bulldozer
Selects Carpet Bombing Run
M4(105) Sherman Bulldozer